 Dungeon Crawl Stone Soup version 0.29.0-4-gdea44cf6ec (webtiles) character file.

Game seed: 2207722854061394610

24 qw the Chopper (level 3, 0/21 HPs)
             Began as a Tengu Warper on Aug 28, 2022.
             Succumbed to their own poison gas
             ... on level 1 of the Dungeon.
             The game lasted 00:00:05 (1125 turns).

qw the Chopper (Tengu Warper)                       Turns: 1125, Time: 00:00:06

Health: 0/21       AC:  9    Str: 13    XL:     3   Next: 2%
Magic:  7/7        EV:  6    Int: 13    God:
Gold:   57         SH:  0    Dex: 13    Spells: 6/6 levels left

rFire   . . .      SeeInvis .   Y - +1 hand axe
rCold   . . .      Faith    .   (no shield)
rNeg    . . .      Spirit   .   l - +0 chain mail
rPois   .          Reflect  .   (helmet restricted)
rElec   .          Harm     .   k - +0 cloak
rCorr   .          Rampage  .   (no gloves)
Will    .....                   (boots unavailable)
Stlth   ..........              (no amulet)
HPRegen 0.07/turn               (no ring)
MPRegen 0.10/turn               (no ring)

@: lethally poisoned (0 -> -6), hasted, very quick
A: beak, talons 3
a: no special abilities


You were on level 1 of the Dungeon.
You visited 1 branch of the dungeon, and saw 1 of its levels.

You collected 57 gold pieces.


Innate Abilities, Weirdness & Mutations

You have a beak for a mouth.
You have claws for feet.


   Skills:
 - Level 2.0 Fighting
 + Level 3.7 Axes
 - Level 1.0 Throwing
 - Level 1.1 Armour
 - Level 2.1 Dodging
 - Level 2.0 Spellcasting
 - Level 2.4 Translocations


You had 6 spell levels left.
You didn't know any spells.
Your spell library contained the following spells:

 Spells                   Type           Power      Damage    Failure   Level
 Blink                    Tloc           14%        N/A       99%         2
 Gell's Gravitas          Tloc           7%         N/A       100%        3
 Lesser Beckoning         Tloc           7%         N/A       100%        3
 Teleport Other           Tloc           7%         N/A       100%        3
 Manifold Assault         Tloc           7%         N/A       100%        5

Inventory:

Hand Weapons
 e - a +0 whip
 Y - a +1 hand axe (weapon)
Armour
 k - a +0 cloak (worn)
 l - a +0 chain mail (worn)
Potions
 d - a potion of haste
 g - a potion of degeneration {unknown}
 h - a potion of attraction {unknown}
 j - a potion of mutation {unknown}

Dungeon Overview and Level Annotations

Branches:
Dungeon (1/15)

Altars:


Message History

1114 ||| READING scroll labelled NARIEB VEOGISU.
As you read the scroll labelled NARIEB VEOGISU, it crumbles to dust.
It is a scroll of enchant weapon.
Your +0 hand axe glows red for a moment.
Done exploring.
1115 ||| READING scroll labelled GYG GITOCS.
The air fills with toxic fumes!
As you read the scroll labelled GYG GITOCS, it crumbles to dust.
It was a scroll of poison.
Done exploring.
1116 ||| DRINKING 2 smoky black potions.
It was a potion of haste.
You feel yourself speed up.
Done exploring.
1117 ||| DROPPING scroll of blinking.
You drop a scroll of blinking.
Done exploring.
(D) Dungeon
Where to? (* - list waypoints, ? - help)
What level of the Dungeon? (default 1, ? - help) Sorry, I don't know how to get there.
Done exploring.
1118 ||| Stepping randomly (stuck).
Really walk into that cloud of poison gas?
You are engulfed in poison gas.
You are poisoned.
You feel very sick.
1119 ||| Stepping ~*~*~tactically~*~*~ (cloud).
You feel sick.
Things that are here:
a scroll of blinking; a +0 ring mail; a +0 leather armour
There is a lethal amount of poison in your body!
You feel sick.
There is a lethal amount of poison in your body!
You feel sick.
There is a lethal amount of poison in your body!
You feel sick.
There is a lethal amount of poison in your body!
You feel sick.
There is a lethal amount of poison in your body!
You feel sick.
There is a lethal amount of poison in your body!
You die...

######.#.#.######
#......#.#......#
#....###.###....#
#..............(#
#....###.###....#
#......#.#......#
######.#.#.######
#...##.....#######
#...##.....#¤000@#
#....#.....#####0#
...#.#.....# #¤#
#....###'### #¤#
#.........# #0#
#.#######># #¤#
#.# #.# #¤# #.#
#.# #0# #.## #.#
#.#


There were no monsters in sight!

Vanquished Creatures
  2 dart slugs (D:1)
  2 bats (D:1)
  2 endoplasms (D:1)
  2 goblins (D:1)
  3 hobgoblins (D:1)
  A kobold (D:1)
  A quokka (D:1)
  5 rats (D:1)
18 creatures vanquished.

Notes
Turn   | Place    | Note
-------+----------+-------------------------------------------
     0 | D:1      | qw the Tengu Warper began the quest for the Orb.
     0 | D:1      | Reached XP level 1. HP: 12/12 MP: 4/4
     0 | D:1      | 0 ||| qw: Version: 0.1-a-89-g26bdef1
     0 | D:1      | 0 ||| qw: Game counter: 1273
     0 | D:1      | 0 ||| qw: Always use a shield: true
     0 | D:1      | 0 ||| qw: God list: Okawaru
     0 | D:1      | 0 ||| qw: Allow faded altars: false
     0 | D:1      | 0 ||| qw: Do Orc after D:15 true
     0 | D:1      | 0 ||| qw: Do second Lair branch before Depths: true
     0 | D:1      | 0 ||| qw: Lair rune preference: random
     0 | D:1      | 0 ||| qw: Plans: Normal
     0 | D:1      | 0 ||| PLANNING D:1-11
    22 | D:1      | 22 ||| Stepping ~*~*~tactically~*~*~ (hiding).
    23 | D:1      | 23 ||| Stepping ~*~*~tactically~*~*~ (hiding).
   138 | D:1      | Reached XP level 2. HP: 12/17 MP: 6/6
   248 | D:1      | Reached skill level 3 in Axes
   526 | D:1      | Found a faded altar of an unknown god.
   631 | D:1      | 631 ||| Stepping ~*~*~tactically~*~*~ (hiding).
  1069 | D:1      | Reached XP level 3. HP: 21/21 MP: 7/7
  1087 | D:1      | 1087 ||| UPGRADING to +0 ring mail.
  1097 | D:1      | 1097 ||| DROPPING +0 leather armour.
  1098 | D:1      | 1098 ||| UPGRADING to +0 cloak.
  1103 | D:1      | 1103 ||| UPGRADING to +0 chain mail.
  1113 | D:1      | 1113 ||| DROPPING +0 ring mail.
  1114 | D:1      | 1114 ||| READING scroll labelled NARIEB VEOGISU.
  1115 | D:1      | 1115 ||| READING scroll labelled GYG GITOCS.
  1116 | D:1      | 1116 ||| DRINKING 2 smoky black potions.
  1117 | D:1      | 1117 ||| DROPPING scroll of blinking.
  1118 | D:1      | 1118 ||| Stepping randomly (stuck).
  1119 | D:1      | 1119 ||| Stepping ~*~*~tactically~*~*~ (cloud).
  1121 | D:1      | HP: 5/21 [poisoned by you (poison gas)]
  1123 | D:1      | HP: 2/21 [poisoned by you (poison gas)]
  1125 | D:1      | Succumbed to their own poison gas

Levels and vault maps discovered:
D:1:      psy_arrival_terrarium, layout_loops_ring,
          hellmonk_ecumenical_altar_crossroads, kennysheep_minor_cross

Skill      XL: |  1  2 |
---------------+-------+-----
Axes           | 3 |  3.7
Fighting       | |  2.0
Throwing       | |  1.0
Armour         | |  1.1
Dodging        | |  2.1
Spellcasting   | |  2.0
Translocations | |  2.4

Action                   || total
-------------------------++-------
Melee: Hand axe          ||    39
       Kick              ||    10
       Peck              ||     4
Throw: Boomerang         ||     7
  Use: Scroll            ||     2
       Potion            ||     1
Armor: Leather armour    ||     5
Dodge: Dodged            ||    27

Table legend:
 A = Non-vault XP
 B = Vault XP
 C = Vault XP percentage of total XP
 D = Non-vault monster count
 E = Vault monster count
 F = Vault count percentage of total count
                 A         B        C        D         E       F
            +---------+---------+-------+---------+---------+-------
      Total |      35 |       0 |   0.0 |      18 |       0 |   0.0
            +---------+---------+-------+---------+---------+-------
        D:1 |      35 |       0 |   0.0 |      18 |       0 |   0.0
            +---------+---------+-------+---------+---------+-------
